Map: 2000 애트모스피어 - 래더

Players

llllllllllll

  • Race: Protoss Protoss
  • League: Grandmaster

DPGRogue (Rogue) - Winner!

  • Race: Zerg Zerg

VOD

Have the link to the VOD?

Description

Time

  • Played on: Oct. 21, 2021, 8:35 a.m.
  • Length: 28:12
Show
View Real Time Build Order
Export as new Build Order

llllllllllll Protoss 

Build Orders: 1 Gate Expand, Carriers 

Get SALT Encoding   

  12  0:00  Probe  
  13  0:12  Probe  
  14  0:17  Pylon  
  14  0:24  Probe (Chrono Boost)  
  15  0:36  Probe (Chrono Boost)  
  15  0:37  Gateway  
  16  0:44  Probe (Chrono Boost)  
  16  0:47  Assimilator  
  17  0:50  Probe  
  18  1:02  Probe  
  19  1:09  Pylon  
  19  1:15  Probe  
  20  1:27  Nexus  
  20  1:35  Cybernetics Core  
  20  1:38  Probe  
  21  1:44  Assimilator  
  21  1:50  Probe  
  22  1:55  Pylon  
  22  2:03  Probe  
  23  2:13  Adept  
  23  2:15  Probe (Chrono Boost)  
  26  2:17  Stargate  
  26  2:24  Probe (Chrono Boost)  
  26  2:25  Warp Gate  
  26  2:29  Probe (Chrono Boost)  
  28  2:39  Probe (Chrono Boost)  
  28  2:42  Probe (Chrono Boost)  
  28  2:43  Adept  
  32  2:49  Probe (Chrono Boost)  
  32  2:50  Probe (Chrono Boost)  
  34  2:52  Void Ray (Chrono Boost)  
  34  2:54  Probe (Chrono Boost)  
  34  2:55  Probe  
  40  3:06  Probe  
  40  3:07  Probe  
  40  3:10  Pylon  
  42  3:18  Probe, Gateway  
  42  3:19  Probe  
  44  3:23  Assimilator  
  44  3:25  Assimilator  
  44  3:30  Probe  
  44  3:32  Probe  
  46  3:38  Pylon  
  46  3:42  Probe  
  46  3:44  Probe  
  48  3:49  Fleet Beacon  
  48  3:54  Probe  
  49  3:56  Probe  
  49  3:57  Stargate  
  50  4:06  Probe  
  50  4:08  Probe  
  52  4:12  Adept x2, Pylon  
  56  4:18  Probe  
  56  4:20  Probe  
  58  4:32  Nexus  
  58  4:44  Tempest (Chrono Boost)  
  63  4:46  Tempest (Chrono Boost)  
  63  4:50  Pylon  
  68  4:55  Probe x2  
  68  4:57  Pylon  
  70  5:09  Probe x2  
  72  5:17  Tempest (Chrono Boost)  
  72  5:18  Tempest (Chrono Boost)  
  77  5:25  Pylon  
  82  5:28  Forge  
  82  5:29  Probe  
  82  5:30  Probe  
  82  5:33  Shield Battery  
  84  5:39  Adept  
  86  5:43  Probe x2  
  86  5:44  Probe  
  86  5:47  Adept  
  91  5:50  Void Ray x2 (Chrono Boost)  
  99  6:04  Photon Cannon  
  99  6:06  Probe x3  
  102  6:14  Pylon  
  102  6:18  Probe, Assimilator x2  
  103  6:20  Probe x2  
  103  6:24  Void Ray (Chrono Boost), Pylon  
  105  6:30  Probe  
  106  6:34  Void Ray (Chrono Boost)  
  106  6:36  Probe x2  
  106  6:37  Unknown, Flux Vanes  
  116  6:42  Probe  
  117  6:52  Pylon  
  117  6:53  Probe x2  
  119  6:54  Probe  
  119  6:57  Adept x2  
  124  7:04  Void Ray x2 (Chrono Boost)  
  124  7:05  Pylon  
  124  7:07  Pylon  
  124  7:13  Stargate  
  132  7:20  Nexus  
  132  7:23  Photon Cannon  
  132  7:25  Pylon  
  128  7:38  Void Ray x2 (Chrono Boost)  
  128  7:42  Probe x3  
  135  7:44  Photon Cannon  
  135  7:46  Photon Cannon  
  135  7:47  Shield Battery, Protoss Air Weapons Level 1  
  135  7:48  Void Ray (Chrono Boost)  
  131  7:52  Photon Cannon  
  131  7:53  Photon Cannon  
  133  8:01  Assimilator  
  133  8:03  Photon Cannon  
  133  8:04  Assimilator  
  133  8:06  Void Ray (Chrono Boost)  
  133  8:07  Shield Battery  
  133  8:09  Void Ray (Chrono Boost)  
  133  8:10  Adept x2  
  141  8:16  Probe x2  
  141  8:17  Probe  
  148  8:20  Void Ray  
  148  8:21  Photon Cannon  
  152  8:35  Mothership (Chrono Boost)  
  152  8:36  Photon Cannon x2  
  152  8:37  Shield Battery  
  163  8:52  Probe x2 (Chrono Boost), Photon Cannon  
  163  8:53  Shield Battery, Probe (Chrono Boost)  
  163  9:02  Stargate x2  
  163  9:07  Void Ray (Chrono Boost)  
  167  9:10  Pylon  
  167  9:11  Pylon  
  167  9:12  Pylon  
  167  9:13  Protoss Shields Level 1  
  167  9:16  Void Ray (Chrono Boost)  
  167  9:20  Void Ray (Chrono Boost)  
  167  9:21  Photon Cannon  
  167  9:23  Photon Cannon  
  175  9:36  Adept x2  
  179  9:40  Void Ray x2 (Chrono Boost)  
  179  9:41  Void Ray (Chrono Boost)  
  191  9:54  Void Ray (Chrono Boost)  
  191  10:01  Pylon  
  194  10:07  Protoss Air Weapons Level 2 (Chrono Boost)  
  194  10:09  Void Ray (Chrono Boost)  
  198  10:22  Void Ray (Chrono Boost)  
  198  10:26  Nexus  
  198  10:28  Photon Cannon  
  198  10:30  Photon Cannon  
  198  10:32  Photon Cannon  
  198  10:34  Shield Battery  
  198  10:35  Pylon  
  198  10:37  Shield Battery  
  189  11:07  Assimilator  
  189  11:10  Carrier x5  
  199  11:11  Assimilator  
  199  11:17  Photon Cannon  
  199  11:19  Shield Battery  
  199  11:21  Photon Cannon  
  199  11:25  Shield Battery  
  199  11:27  Cybernetics Core, Photon Cannon  
  199  11:39  Photon Cannon x2  
  199  11:41  Photon Cannon  
  199  11:45  Photon Cannon  
  177  12:12  Mothership (Chrono Boost)  
  186  12:22  Twilight Council  
  186  12:24  Probe (Chrono Boost)  
  186  12:28  Carrier x2  
  198  12:34  Protoss Air Armor Level 1 (Chrono Boost)  
  198  12:38  Protoss Air Weapons Level 3 (Chrono Boost)  
  198  12:46  Robotics Facility  
  198  12:47  Nexus  
  198  12:49  Pylon  
  198  12:59  Shield Battery  
  198  13:01  Shield Battery  
  198  13:03  Shield Battery  
  198  13:04  Nexus  
  198  13:06  Pylon  
  198  13:11  Photon Cannon  
  198  13:12  Photon Cannon  
  198  13:14  Photon Cannon  
  198  13:16  Photon Cannon  
  198  13:17  Shield Battery  
  198  13:19  Protoss Shields Level 2 (Chrono Boost)  
  198  13:25  Photon Cannon  
  198  13:27  Photon Cannon  
  198  13:29  Pylon  
  198  13:32  Shield Battery  
  198  13:35  Shield Battery  
  198  13:40  Photon Cannon  
  198  13:47  Photon Cannon  
  198  13:48  Photon Cannon  
  198  13:50  Photon Cannon  
  198  13:52  Photon Cannon  
  198  13:55  Templar Archives  
  196  14:00  Pylon  
  196  14:02  Photon Cannon  
  196  14:16  Shield Battery  
  196  14:18  Shield Battery  
  196  14:20  Shield Battery  
  196  14:22  Photon Cannon  
  196  14:23  Photon Cannon  
  191  14:36  Zealot x2  
  195  14:40  Charge  
  195  14:42  Gateway  
  195  14:44  Gateway x2  
  195  14:45  Observer (Chrono Boost), Gateway  
  196  14:46  Gateway  
  192  14:58  Observer (Chrono Boost)  
  193  15:12  Assimilator  
  193  15:13  Shield Battery, Pylon  
  193  15:14  Protoss Air Armor Level 2 (Chrono Boost)  
  193  15:15  Assimilator  
  193  15:16  Assimilator  
  193  15:21  Assimilator  
  193  15:22  Observer  
  194  15:32  Observer  
  194  15:36  Robotics Facility  
  194  15:39  Robotics Bay  
  194  15:41  Robotics Facility  
  194  15:44  Observer  
  177  16:07  Carrier x2 (Chrono Boost)  
  177  16:08  Carrier x2 (Chrono Boost)  
  200  16:34  Protoss Shields Level 3 (Chrono Boost)  
  197  16:55  Psionic Storm  
  197  16:57  Blink  
  197  16:59  Gateway  
  197  17:03  Gateway  
  197  17:05  Gateway  
  197  17:11  Gateway  
  197  17:14  Observer  
  197  17:15  Zealot  
  199  17:16  Gravitic Boosters  
  199  17:19  Gateway  
  199  17:24  Photon Cannon  
  199  17:26  Shield Battery  
  199  17:29  Zealot  
  199  17:46  Observer  
  199  18:07  Photon Cannon  
  199  18:08  Photon Cannon  
  199  18:10  Shield Battery  
  199  18:12  Shield Battery  
  199  18:13  Gravitic Drive  
  199  18:19  Protoss Air Armor Level 3 (Chrono Boost)  
  186  19:12  Immortal (Chrono Boost)  
  186  19:13  Immortal x2 (Chrono Boost)  
  161  19:27  High Templar x12  
  179  19:35  Archon x3  
  179  19:36  Archon x2  
  179  19:37  Archon  
  171  19:47  Immortal x3 (Chrono Boost)  
  183  19:57  Observer  
  183  20:01  High Templar x8  
  183  20:05  Archon x3, Nexus  
  183  20:07  Archon  
  199  20:09  Protoss Ground Weapons Level 1 (Chrono Boost)  
  199  20:11  Nexus  
  199  20:12  Pylon  
  199  20:20  Observer  
  189  20:31  Immortal x2  
  177  20:45  Stalker  
  177  20:46  Stalker x11  
  138  21:19  Stalker x4  
  138  21:20  Stalker x8  
  107  21:47  Stalker x8  
  107  21:48  Stalker x4  
  93  22:14  Stalker x7  
  93  22:15  Stalker x5  
  103  22:35  Observer  
  80  22:45  Stalker x12  
  80  22:47  Observer (Chrono Boost)  
  108  23:08  Immortal x3 (Chrono Boost)  
  111  23:20  Nexus  
  101  23:28  High Templar  
  101  23:29  High Templar x11  
  118  23:39  Immortal (Chrono Boost)  
  125  23:54  Pylon  
  125  23:55  Unknown  
  125  24:05  Archon x6  
  125  24:09  Immortal  
  115  24:24  High Templar x4  
  115  24:25  High Templar x8  
  115  24:28  Archon x2  
  115  24:29  Archon x4  
  122  24:48  Immortal (Chrono Boost)  
  108  24:59  Zealot x2  
  102  25:00  Zealot x10  
  122  25:22  Warp Prism (Chrono Boost)  
  106  25:29  High Templar  
  106  25:30  High Templar x5  
  106  25:31  Zealot x6  
  120  25:36  Archon x2  
  88  25:59  Zealot x6  
  88  26:03  Observer (Chrono Boost), Stalker  
  88  26:04  Stalker x5  
  105  26:34  Zealot x12  
  103  27:07  Zealot x12  
  75  27:44  Nexus  
  75  27:47  Zealot x4  
  75  27:48  Zealot  
  83  27:58  High Templar  
  83  27:59  High Templar x6  
  91  28:06  Archon  
  91  28:07  Archon  
  91  28:08  Archon  
Show
View Real Time Build Order
Export as new Build Order

DPGRogue Zerg - Winner!

Build Orders: Hatch First 

Get SALT Encoding   

  12  0:00  Drone  
  13  0:12  Overlord  
  13  0:17  Drone  
  14  0:31  Drone x2  
  16  0:48  Hatchery  
  15  0:51  Drone  
  15  0:55  Drone  
  17  0:58  Drone  
  18  1:09  Extractor  
  17  1:14  Spawning Pool  
  17  1:17  Drone  
  17  1:20  Drone  
  18  1:29  Drone  
  19  1:39  Drone  
  20  1:49  Overlord  
  20  2:00  Queen x2  
  24  2:01  Zergling x4  
  26  2:11  Drone  
  26  2:12  Drone  
  26  2:13  Metabolic Boost  
  28  2:23  Drone x2  
  31  2:37  Drone, Hatchery  
  30  2:44  Queen  
  30  2:49  Overlord  
  32  2:54  Drone x2  
  32  2:56  Drone  
  35  2:59  Drone  
  36  3:11  Drone x5  
  41  3:16  Queen  
  43  3:22  Overlord  
  43  3:23  Drone  
  44  3:28  Spore Crawler  
  44  3:31  Drone  
  44  3:43  Drone x5  
  49  3:48  Queen  
  49  3:50  Spore Crawler, Overlord  
  50  4:00  Overlord  
  50  4:07  Spore Crawler  
  50  4:08  Drone, Queen  
  50  4:09  Drone x5  
  57  4:10  Drone  
  57  4:16  Overlord  
  58  4:17  Overlord  
  58  4:23  Lair  
  58  4:25  Zergling x2  
  58  4:26  Zergling x6  
  58  4:29  Queen  
  64  4:32  Drone  
  64  4:34  Extractor, Overlord  
  64  4:39  Roach Warren, Overlord  
  64  4:43  Extractor  
  64  4:44  Extractor  
  61  4:48  Drone x4  
  61  4:52  Drone  
  66  4:54  Drone  
  66  4:55  Drone  
  66  4:56  Zergling x2  
  66  4:57  Zergling x6  
  66  4:59  Drone  
  73  5:00  Evolution Chamber  
  73  5:01  Drone x2  
  73  5:05  Drone x2  
  76  5:10  Queen  
  76  5:11  Drone x2  
  76  5:12  Drone  
  76  5:13  Drone  
  82  5:18  Extractor x2  
  82  5:20  Drone x2  
  82  5:25  Spire  
  82  5:27  Overseer  
  81  5:29  Overlord  
  81  5:31  Overlord  
  81  5:35  Overlord  
  81  5:41  Drone  
  82  5:44  Overlord  
  82  5:49  Drone x8  
  89  5:51  Overlord  
  89  5:55  Drone  
  90  6:00  Overlord  
  90  6:04  Drone x2  
  90  6:06  Overlord  
  91  6:16  Drone  
  92  6:31  Hatchery  
  91  6:38  Corruptor x8  
  104  6:41  Glial Reconstitution  
  104  6:46  Corruptor  
  104  6:47  Corruptor  
  104  6:51  Corruptor  
  104  6:52  Corruptor  
  112  6:56  Corruptor  
  109  7:01  Corruptor  
  109  7:02  Queen  
  109  7:06  Zergling x8  
  117  7:10  Corruptor  
  117  7:15  Zergling x10  
  120  7:16  Zergling x2  
  125  7:26  Drone x2  
  125  7:28  Drone  
  125  7:29  Drone  
  123  7:37  Zerg Flyer Weapons Level 1  
  123  7:40  Drone x2  
  123  7:44  Drone  
  123  7:46  Drone  
  123  7:50  Drone x2  
  123  7:51  Drone  
  126  7:52  Overseer, Infestation Pit  
  126  7:53  Zerg Missile Weapons Level 1  
  126  7:56  Drone  
  126  7:59  Extractor  
  126  8:01  Extractor  
  126  8:05  Corruptor x4  
  126  8:06  Overlord x2  
  126  8:07  Overseer, Overlord  
  126  8:08  Drone x3  
  126  8:12  Overlord  
  135  8:14  Overlord  
  135  8:19  Overlord  
  135  8:23  Drone  
  135  8:24  Overlord  
  135  8:28  Drone x5  
  135  8:31  Drone x3, Hive  
  135  8:32  Drone x3  
  146  8:38  Drone x5  
  151  8:47  Spore Crawler  
  150  8:48  Spore Crawler x2  
  150  8:49  Spore Crawler  
  150  8:52  Queen  
  149  9:03  Spore Crawler  
  149  9:04  Spore Crawler  
  149  9:06  Drone x2  
  149  9:11  Spore Crawler x2  
  149  9:13  Pneumatized Carapace  
  149  9:15  Pathogen Glands  
  147  9:19  Infestor x2, Spore Crawler x2  
  147  9:20  Infestor x3  
  147  9:21  Spore Crawler  
  147  9:23  Drone  
  155  9:32  Hatchery  
  155  9:34  Drone x2  
  155  9:35  Drone, Queen x2  
  161  9:39  Spore Crawler  
  161  9:44  Viper x3  
  169  9:46  Zergling x2  
  169  9:47  Zergling x8  
  174  9:53  Greater Spire  
  174  9:54  Drone  
  174  9:57  Spore Crawler  
  174  9:58  Spore Crawler  
  172  10:05  Queen x2  
  176  10:10  Drone x7  
  176  10:12  Neural Parasite  
  183  10:15  Overlord x2  
  183  10:26  Zerg Missile Weapons Level 2  
  183  10:28  Adrenal Glands, Spore Crawler x3, Queen  
  184  10:29  Spore Crawler x2  
  184  10:30  Evolution Chamber  
  179  10:38  Corruptor x3  
  184  10:43  Spore Crawler  
  175  10:51  Corruptor x5  
  185  10:58  Infestor x2  
  189  11:06  Corruptor  
  189  11:07  Corruptor  
  193  11:14  Zerg Ground Armor Level 1  
  193  11:16  Drone x3  
  193  11:17  Drone x4  
  199  11:19  Spore Crawler  
  199  11:20  Spore Crawler x3  
  199  11:21  Drone, Spore Crawler x2  
  199  11:24  Overseer x4  
  187  11:30  Drone  
  187  11:31  Drone x6  
  193  11:35  Spore Crawler  
  192  11:42  Infestor  
  192  11:43  Infestor x2  
  192  11:44  Extractor  
  192  11:46  Extractor  
  196  11:47  Drone  
  196  11:48  Drone x3  
  196  11:49  Spine Crawler  
  196  11:54  Spore Crawler  
  198  11:55  Spore Crawler  
  190  12:02  Drone  
  190  12:03  Spore Crawler x2  
  190  12:05  Spore Crawler, Zerg Flyer Weapons Level 2  
  190  12:07  Spire  
  187  12:11  Ultralisk Cavern  
  187  12:12  Drone x2  
  187  12:13  Drone x2  
  190  12:16  Spine Crawler  
  190  12:19  Spine Crawler  
  190  12:20  Spine Crawler  
  190  12:22  Spine Crawler  
  186  12:25  Overseer x5  
  186  12:26  Overseer  
  186  12:32  Drone x2  
  188  12:38  Spore Crawler x2  
  188  12:39  Spore Crawler x2  
  188  12:40  Spore Crawler  
  183  12:47  Spore Crawler  
  183  12:48  Spore Crawler x2  
  183  12:49  Spore Crawler  
  179  12:53  Zerg Melee Weapons Level 1  
  179  13:01  Corruptor  
  179  13:02  Corruptor x4  
  189  13:09  Drone x4  
  193  13:15  Zergling x2  
  193  13:16  Zergling x12  
  193  13:19  Zerg Flyer Armor Level 1  
  200  13:27  Overseer  
  200  13:30  Chitinous Plating  
  200  13:32  Zerg Ground Armor Level 2  
  200  13:53  Baneling Nest  
  198  14:13  Drone x2  
  198  14:15  Spine Crawler  
  198  14:16  Spine Crawler  
  198  14:17  Spine Crawler x2  
  191  14:25  Viper x2  
  185  14:31  Ultralisk x2  
  185  14:36  Centrifugal Hooks  
  185  14:37  Drone x2  
  185  14:38  Drone  
  200  14:49  Anabolic Synthesis  
  199  14:59  Overlord x2  
  199  15:02  Overlord  
  199  15:05  Overlord  
  199  15:11  Baneling x11, Overlord  
  199  15:21  Zerg Flyer Armor Level 2, Zerg Flyer Weapons Level 3  
  199  15:22  Overseer  
  199  15:23  Overseer  
  199  15:24  Overseer, Hatchery  
  198  15:33  Overseer  
  198  15:39  Overseer  
  198  15:40  Overlord  
  198  16:10  Zergling x6  
  197  16:38  Corruptor  
  199  16:56  Spore Crawler  
  199  16:58  Spore Crawler  
  199  16:59  Spore Crawler  
  199  17:01  Spore Crawler  
  195  17:05  Hatchery  
  194  17:12  Zerg Missile Weapons Level 3  
  194  17:13  Zerg Ground Armor Level 3  
  194  17:15  Drone x2  
  195  17:16  Drone x3  
  199  17:28  Baneling  
  199  17:29  Baneling x5  
  197  17:36  Spore Crawler  
  196  17:37  Spore Crawler  
  196  17:38  Spore Crawler  
  196  17:39  Spore Crawler  
  196  17:42  Viper  
  196  17:43  Viper  
  199  17:48  Spore Crawler  
  198  17:59  Spore Crawler  
  198  18:00  Spore Crawler x2  
  198  18:01  Spore Crawler  
  198  18:02  Spore Crawler  
  193  18:06  Corruptor x3  
  198  18:24  Zergling x10  
  198  18:26  Unknown  
  199  18:33  Zerg Flyer Armor Level 3  
  199  18:45  Drone x2  
  199  18:47  Zergling x4  
  198  19:03  Corruptor  
  174  19:37  Infestor x3  
  174  19:45  Unknown  
  173  19:47  Brood Lord  
  173  19:48  Ultralisk x2  
  173  19:49  Ultralisk x2  
  173  19:52  Zerg Melee Weapons Level 2  
  199  19:57  Drone  
  200  20:06  Hatchery  
  194  20:33  Brood Lord x3  
  194  20:34  Brood Lord x3  
  182  20:45  Zergling x24  
  182  20:46  Zergling x10  
  191  21:06  Ultralisk  
  191  21:11  Corruptor x2  
  192  21:19  Corruptor x4  
  196  21:37  Zergling x10  
  192  21:40  Burrow  
  184  21:47  Corruptor  
  184  21:49  Ultralisk x2  
  197  22:01  Ultralisk x2  
  196  22:09  Zergling x6  
  196  22:10  Spine Crawler x3  
  196  22:11  Spine Crawler  
  196  22:13  Spine Crawler  
  193  22:21  Zergling x14  
  184  22:34  Spore Crawler  
  166  22:46  Brood Lord  
  166  22:47  Brood Lord x7  
  166  22:49  Viper x2  
  166  22:50  Corruptor x5  
  197  23:02  Extractor  
  197  23:03  Extractor  
  193  23:13  Zergling x14  
  199  23:23  Zergling x2  
  186  23:34  Zergling x26  
  186  23:35  Zergling x2  
  199  24:08  Infestor x5  
  199  24:15  Zergling x2  
  199  24:16  Zergling x16  
  196  24:17  Zergling x2  
  196  24:19  Zergling x2  
  185  24:29  Zergling x20, Hatchery  
  185  24:30  Zergling x24  
  199  24:42  Zergling x6  
  189  24:46  Zergling x12  
  189  24:47  Zergling x14  
  189  24:52  Zergling x4  
  190  24:53  Zergling x18  
  190  24:56  Infestor x5  
  191  25:01  Infestor x3  
  191  25:02  Infestor  
  187  25:22  Corruptor  
  187  25:23  Corruptor x5  
  187  25:27  Zergling x16  
  191  25:43  Zergling x12  
  191  25:45  Zergling x2  
  189  25:54  Brood Lord  
  189  25:55  Brood Lord x4  
  199  26:16  Zergling x2  
  179  26:33  Infestor x5  
  179  26:36  Zergling x32  
  179  26:37  Zergling x2  
  197  26:45  Zergling x2  
  197  26:46  Zergling x4  
  198  27:13  Zergling x2  
  194  27:30  Extractor  
  194  27:31  Extractor  
  192  27:56  Spawning Pool  
Tags
 
Add a new tag
Caveats
  • Supply blocks, unpowered buildings, or Contaminate may cause inaccurate times.
  • Supply counts are checked every 10 seconds.